 Dungeon Crawl Stone Soup version 0.32-a0-35-gd9ff480968 (webtiles) character file.

Game seed: 909470927767113496

2574 Hellonello the Covert (level 9, -6/61 HPs)
             Began as an Octopode Shapeshifter on Jan 21, 2024.
             Was an Initiate of Gozag.
             Killed from afar by a steam dragon (13 damage)
             ... with a ball of steam
             ... on level 7 of the Dungeon.
             The game lasted 00:13:23 (5237 turns).

Hellonello the Covert (Octopode Shapeshifter)       Turns: 5237, Time: 00:13:23

Health: -6/61      AC:  1    Str: 13    XL:     9   Next: 57%
Magic:  9/9        EV: 26    Int: 12    God:    Gozag
Gold:   395        SH:  0    Dex: 22    Spells: 8/8 levels left

rFire   . . .        g - +2 dagger (venom)
rCold   . . .        (no shield)
rNeg    . . .        (helmet currently unavailable)
rPois   .            (no amulet)
rElec   .            o - +6 ring of dexterity
rCorr   .            t - ring of willpower
SInv    .            y - ring of the Hare {EV+10}
Will    +....        (no ring)
Stlth   +++++++      (no ring)
HPRegen 0.30/turn    (no ring)
MPRegen 0.11/turn    (no ring)
                     (no ring)

%: no passive effects
@: beast-form
A: beast (slay +1), almost no armour, amphibious, 8 rings, camouflage 1,
gelatinous body 1, (nimble swimmer 1), tentacles
a: Begin Untransformation, Renounce Religion, Potion Petition, Call Merchant,
Bribe Branch


You were on level 7 of the Dungeon.
You worshipped Gozag.
Gozag was aware of your devotion.
You were a hulking beast.
You visited 2 branches of the dungeon, and saw 8 of its levels.

You collected 513 gold pieces.
You paid 118 gold pieces to Gozag.

Inventory:

Hand Weapons
 g - a +2 dagger of venom (weapon)
 w - the +6 short sword "Meggueh" {freeze, rF+ Str+5}
   (You found it on level 5 of the Dungeon)

   Str+5:     It affects your strength (+5).
   rF+:       It protects you from fire.
Jewellery
 o - a +6 ring of dexterity (left tentacle)
 t - a ring of willpower (right tentacle)
 y - the ring of the Hare (on tentacle) {EV+10}
   (You found it on level 5 of the Dungeon)

   [ring of evasion]

   EV+10:     It affects your evasion (+10).
Talismans
 b - a beast talisman
 c - a flux talisman
 m - a maw talisman
Wands
 n - a wand of flame (46)
Scrolls
 d - 4 scrolls of amnesia
 r - 3 scrolls of blinking
 u - 2 scrolls of vulnerability
 v - a scroll of teleportation
Potions
 a - 2 potions of lignification
 e - a potion of mutation
 f - a potion of magic {unknown}
 h - 2 potions of attraction
 i - a potion of berserk rage {unknown}
 j - 3 potions of brilliance
 k - a potion of degeneration {unknown}
 l - 2 potions of haste
 p - a potion of invisibility {unknown}
 q - 3 potions of curing
 s - 2 potions of heal wounds


   Skills:
 - Level 5.0 Fighting
 - Level 5.0 Short Blades
 - Level 5.0 Dodging
 + Level 13.1 Stealth
 - Level 3.0 Unarmed Combat
 - Level 3.0 Shapeshifting


You had 8 spell levels left.
You didn't know any spells.
Your spell library contained the following spells:

 Spells                   Type           Power      Damage    Failure   Level
 Foxfire                  Conj/Fire      0%         2x1d4     32%         1
 Kiss of Death            Conj/Necr      0%         2d5       32%         1
 Magic Dart               Conj           0%         1d3       32%         1
 Blink                    Tloc           0%         N/A       45%         2
 Call Imp                 Summ           0%         N/A       45%         2
 Searing Ray              Conj           0%         2d4       45%         2
 Confusing Touch          Hex            0%         N/A       69%         3
 Dispel Undead            Necr           0%         3d6       97%         4
 Fulminant Prism          Conj/Alch      0%         3d5       97%         4
 Plasma Beam              Fire/Air       0%         2x1d10    100%        6
 Starburst                Conj/Fire      0%         6d3       100%        6


Dungeon Overview and Level Annotations

Branches:
Dungeon (7/15)             Temple (1/1) D:6

Altars:
Ashenzari
Dithmenos
Elyvilon
Fedhas
Gozag
Hepliaklqana
Kikubaaqudgha
Makhleb
Okawaru
Qazlal
Sif Muna
Trog
Wu Jian
Xom
Yredelemnul
Jiyva

Shops:
D:7 *


Innate Abilities, Weirdness & Mutations

You are a hulking beast.
Your limbs bulge with bestial killing power. (Slay +1)
You cannot wear most types of armour.
You are amphibious.
You can wear up to eight rings at the same time.
Your skin changes colour to match your surroundings (Stealth+).
Your rubbery body absorbs attacks. (AC +1, EV +1)
((You are camouflaged when in or above water. (Stealth+)))
You have tentacles for arms and can constrict up to eight enemies at once.


Message History

You constrict the kobold brigand, but do no damage.
You puncture the kobold brigand!
You kill the kobold brigand!
The steam dragon is distracted by your dazzling golden aura.
Your Stealth skill increases to level 13!
The steam dragon hisses angrily.
You hit the kobold.
You kill the kobold!
You closely miss the kobold. You grab the kobold. You constrict the kobold.
You hit the kobold.
The kobold is poisoned.
The kobold is heavily wounded.
You constrict the kobold.
The steam dragon is no longer distracted by gold.
The kobold misses you.
You barely miss the kobold. You squeeze the kobold.
You kill the kobold!
You hit the steam dragon but do no damage.
The steam dragon is poisoned.
You squeeze the steam dragon.
The steam dragon is lightly wounded.
The steam dragon completely misses you. The steam dragon closely misses you.
You hit the steam dragon.
The steam dragon looks as sick as possible!
You tentacle-slap the steam dragon.
The steam dragon is moderately wounded.
You closely miss the steam dragon.
You squeeze the steam dragon, but do no damage.
The steam dragon is heavily wounded.
The steam dragon breathes steam at you. The ball of steam hits you!
* * * LOW HITPOINT WARNING * * *
You hit the steam dragon.
The steam dragon looks as sick as possible!
You squeeze the steam dragon, but do no damage.
The steam dragon is heavily wounded.
You are engulfed in a cloud of scalding steam.
* * * LOW HITPOINT WARNING * * *
The steam dragon breathes steam at you. The ball of steam hits you!
You die...
Your body crumbles into a pile of gold.

#.# #.# #.#
#.# #.# #.#
#§# #######
#§# .......
#h# .......
#D###......!
#...D....>..
##..........
#..........
#..≈≈≈.....
#.≈≈~~~....
#.≈≈∩...###
#.≈≈≈~~##


You could see a steam dragon (extremely poisoned, catching breath).

Vanquished Creatures
  A kobold demonologist (D:5)
  Sigmund (D:2)
  3 yaks
  A steam dragon (D:6)
  Menkaure (D:4)
  A water moccasin (D:6)
  A sky beast (D:6)
  An ice beast (D:6)
  2 orc warriors (D:6)
  A phantom (D:5)
  A kobold brigand (D:7)
  2 scorpions
  3 jellies
  2 orc priests
  A bombardier beetle (D:4)
  3 hounds
  Crazy Yiuf (D:2)
  A gnoll bouda (D:6)
  Ijyb (D:3)
  Natasha (thrice) (D:2)
  5 orc wizards
  6 gnolls
  4 adders
  A shadow imp (D:5)
  2 dart slugs
  3 ribbon worms
  13 orcs
  12 ball pythons
  4 endoplasms
  3 giant cockroaches
  4 goblins
  10 hobgoblins
  3 jackals (D:2)
  11 kobolds
  4 quokkas
  4 bats
  3 frilled lizards
  5 rats
128 creatures vanquished.

Vanquished Creatures (others)
  A kobold (D:7)
1 creature vanquished.

Grand Total: 129 creatures vanquished

Notes
Turn   | Place    | Note
-------+----------+-------------------------------------------
     0 | D:1      | Hellonello the Octopode Shapeshifter began the quest for
                  | the Orb.
     0 | D:1      | Reached XP level 1. HP: 13/13 MP: 1/1
    25 | D:1      | Reached skill level 1 in Stealth
   151 | D:1      | Reached skill level 2 in Stealth
   158 | D:1      | Reached XP level 2. HP: 16/18 MP: 2/2
   306 | D:1      | Reached skill level 3 in Stealth
   427 | D:1      | Reached skill level 4 in Stealth
   427 | D:1      | Reached XP level 3. HP: 23/23 MP: 3/3
   805 | D:2      | Noticed Natasha
   809 | D:2      | Killed Natasha
   810 | D:2      | Reached skill level 5 in Stealth
   810 | D:2      | Reached XP level 4. HP: 28/28 MP: 4/4
   954 | D:2      | Noticed Natasha
   958 | D:2      | Killed Natasha
  1118 | D:2      | Reached skill level 6 in Stealth
  1207 | D:2      | Noticed Sigmund
  1209 | D:2      | Found an iron altar of Okawaru.
  1210 | D:2      | Noticed Natasha
  1215 | D:2      | Killed Sigmund
  1216 | D:2      | Reached skill level 8 in Stealth
  1216 | D:2      | Reached XP level 5. HP: 33/33 MP: 5/5
  1216 | D:2      | Reached XP level 6. HP: 38/38 MP: 6/6
  1218 | D:2      | Killed Natasha
  1236 | D:2      | Found a runed translucent door.
  1237 | D:2      | Noticed Crazy Yiuf
  1244 | D:2      | Killed Crazy Yiuf
  1386 | D:2      | Reached skill level 9 in Stealth
  1679 | D:3      | Noticed Ijyb
  1692 | D:3      | Killed Ijyb
  1858 | D:3      | Found an ancient bone altar of Kikubaaqudgha.
  2472 | D:4      | Reached skill level 10 in Stealth
  2472 | D:4      | Reached XP level 7. HP: 43/43 MP: 7/7
  2476 | D:4      | Noticed Menkaure
  2484 | D:4      | Killed Menkaure
  2739 | D:4      | Found a basalt altar of Yredelemnul.
  2739 | D:4      | Found a burning altar of Makhleb.
  2886 | D:5      | Entered Level 5 of the Dungeon
  2970 | D:5      | Noticed a kobold demonologist
  2983 | D:5      | Noticed an ice devil
  2984 | D:5      | Killed a kobold demonologist
  2985 | D:5      | Reached skill level 5 in Short Blades
  2985 | D:5      | Reached XP level 8. HP: 14/49 MP: 8/8
  3152 | D:5      | Identified the +6 short sword "Meggueh" {freeze, rF+ Str+5}
  3884 | D:5      | Found the ring of the Hare {EV+10}
  4164 | D:6      | Noticed a yak
  4259 | D:6      | Noticed a yak
  4271 | D:6      | Noticed a yak
  4284 | D:6      | Killed a yak
  4285 | D:6      | Reached skill level 5 in Fighting
  4285 | D:6      | Reached skill level 5 in Dodging
  4285 | D:6      | Reached XP level 9. HP: 61/61 MP: 9/9
  4314 | D:5      | Reached skill level 11 in Stealth
  4506 | D:6      | Reached skill level 12 in Stealth
  4623 | D:6      | Identified the +1 sling "Dulol" {speed, Dex+3}
  4653 | D:6      | Found a staircase to the Ecumenical Temple.
  4659 | Temple   | Entered the Ecumenical Temple
  4675 | Temple   | Became a worshipper of Gozag Ym Sagoz the Greedy
  5211 | D:7      | Found Kafiodgh's Assorted Antiques.
  5230 | D:7      | Reached skill level 13 in Stealth
  5237 | D:7      | Killed from afar by a steam dragon

Illustrated notes

Levels and vault maps discovered:
D:1:      lemuel_arrival_hallway, layout_loops_ring
D:2:      layout_basic, basic_altar, minmay_pentomino_q4, uniq_sigmund,
          uniq_natasha, uniq_crazy_yiuf_cottage
D:3:      layout_basic, kiku_gazebo_pond_becter, serial_curves, eino_curves_03,
          eino_curves_03, uniq_ijyb
D:4:      layout_rooms, gammafunk_temple_overflow_statue, uniq_menkaure
D:5:      kennysheep_spiral_hall, layout_layer_cave, nicolae_hexahallways
D:6:      layout_loops_ring, temple_green, portal_sewer_entry_b
D:7:      nicolae_whirlpool, layout_basic, mainiacjoe_overflow_24_doors,
          serial_shops, nicolae_shop_waterfront, ebering_ghost_rock_garden
Temple:   pf_slime_end_temple

Skill      XL: |  1  2  3  4  5  6  7  8  9 |
---------------+----------------------------+-----
Stealth        | 2 4 5 8 10 13 | 13.1
Short Blades   | 5 |  5.0
Fighting       | 5 |  5.0
Dodging        | 5 |  5.0
Unarmed Combat | |  3.0
Shapeshifting  | |  3.0

Action                     |  1- 3 |  4- 6 |  7- 9 || total
---------------------------+-------+-------+-------++-------
  Melee: Unarmed           |    14 |       |       ||    14
         Constrict         |     8 |    13 |    29 ||    50
         Tentacles         |     3 |     8 |    42 ||    53
         Dagger            |    23 |    62 |   156 ||   241
         Punch             |     2 |     3 |     7 ||    12
    Use: Scroll            |     3 |     9 |     5 ||    17
         Potion            |       |       |     2 ||     2
   Stab: Sleeping          |     6 |    21 |    17 ||    44
         Distracted        |       |     1 |     2 ||     3
 Armour: Skin              |    11 |    22 |    46 ||    79
  Dodge: Dodged            |    27 |    26 |    90 ||   143

Table legend: (Time is in decaauts)
 A = Elapsed time spent in this place.
 B = Non-inter-level travel time spent in this place.
 C = Inter-level travel time spent in this place.
 D = Time resting spent in this place.
 E = Time spent auto-exploring this place.
 F = Levels seen in this place.
 G = Mean time per level.
                   A        B        C        D        E       F      G
               +--------+--------+--------+--------+--------+-----+--------+
         Total |   5207 |   5006 |    201 |    716 |   3296 |   8 |  650.9 |
       Dungeon |   5174 |   4973 |    201 |    716 |   3296 |   7 |  739.1 |
        Temple |     32 |     32 |      0 |      0 |      0 |   1 |   32.0 |
               +--------+--------+--------+--------+--------+-----+--------+

Top non-repeatable levels by time:
     D:5: 1352 daAuts
     D:2: 1001 daAuts
     D:6: 893 daAuts
     D:1: 756 daAuts
     D:3: 690 daAuts
     D:4: 442 daAuts
     D:7: 38 daAuts
  Temple: 32 daAuts
